 Dungeon Crawl Stone Soup version 0.28-a0-1128-gb845255321 (webtiles) character file.

Game seed: 13141578828608777229

65 Garessta the Vexing (level 3, 24/24 HPs)
             Began as a Vampire Enchanter on Dec 12, 2021.
             Was a Follower of Cheibriados.
             Quit the game on level 2 of the Dungeon.
             The game lasted 00:03:54 (1584 turns).

Garessta the Vexing (Vampire Enchanter)             Turns: 1584, Time: 00:03:55

Health: 24/24      AC:  3    Str:  9    XL:     3   Next: 94%
Magic:  4/6        EV: 13    Int: 19    God:    Cheibriados [*.....]
Gold:   108        SH:  0    Dex: 18    Spells: 1/6 levels left

rFire   . . .      SeeInvis +   a - +1 dagger
rCold   . . .      Faith    .   (no shield)
rNeg    . . .      Spirit   +   b - +0 robe
rPois   .          Reflect  .   (no helmet)
rElec   .          Harm     .   (no cloak)
rCorr   .          Rampage  .   (no gloves)
Will    .....                   h - +0 pair of boots
Stlth   +++.......              f - amulet of guardian spirit
HPRegen 0.28/turn               (no ring)
MPRegen 0.10/turn               (no ring)

@: healing quickly, very slow
A: alive, fangs 3, see invisible, vampiric 2
a: Exsanguinate, Renounce Religion, Bend Time


You were on level 2 of the Dungeon.
You worshipped Cheibriados.
Cheibriados was aware of your devotion.
You visited 1 branch of the dungeon, and saw 2 of its levels.

You collected 108 gold pieces.

Inventory:

Hand Weapons
 a - a +1 dagger (weapon)
Armour
 b - a +0 robe (worn)
 h - a +0 pair of boots (worn)
Jewellery
 f - an amulet of guardian spirit (around neck)
 k - an amulet of faith
Scrolls
 g - a scroll of fog {unknown}
 i - a scroll of identify {unknown}
 j - a scroll of holy word {unknown}
 l - a scroll of blinking {unknown}
Potions
 c - a potion of invisibility
 d - a potion of lignification {unknown}
 e - a potion of attraction {unknown}


   Skills:
 - Level 1.7 Short Blades
 - Level 2.5 Dodging
 + Level 5.3 Stealth
 - Level 2.3 Spellcasting
 * Level 5.6 Hexes


You had one spell level left.
You knew the following spells:

 Your Spells              Type           Power      Damage    Failure   Level
a - Ensorcelled Hibernat  Hex/Ice        24%        N/A       8%          2
b - Confusing Touch       Hex            23%        N/A       4%          3

Your spell library contained the following spells:

 Spells                   Type           Power      Damage    Failure   Level
 Tukima's Dance           Hex            23%        N/A       4%          3
 Dazzling Flash           Conj/Hex       24%        N/A       16%         3
 Vampiric Draining        Necr           2%         2d6       45%         3
 Haunt                    Necr/Summ      1%         N/A       100%        7
 Necromutation            Tmut/Necr      Unusable   N/A       N/A         8

Dungeon Overview and Level Annotations

Branches:
Dungeon (2/15)

Altars:
Cheibriados


Innate Abilities, Weirdness & Mutations

Your natural rate of healing is accelerated.
You have razor-sharp teeth.
You have supernaturally acute eyesight. (SInv)
You are afflicted with vampirism and can become a bat while bloodless.


Message History

The spell is quite dangerous to miscast (5% risk of failure)!
Continue anyway? [Y]es or [N]o only, please.
The spell is quite dangerous to miscast (5% risk of failure)!
Continue anyway? [Y]es or [N]o only, please.
The spell is quite dangerous to miscast (5% risk of failure)!
Continue anyway?
Your hands begin to glow red.
The spectral goblin hits you.
You hit the spectral goblin but do no damage.
The spectral goblin is completely immune to your confusing touch!
You bite the spectral goblin, but do no damage.
Your hands stop glowing.
The spectral goblin hits you but does no damage.
You hit the spectral goblin.
The spectral goblin is heavily damaged.
The spectral goblin barely misses you.
You hit the spectral goblin.
The spectral goblin is almost destroyed.
The spectral goblin misses you.
You hit the spectral goblin but do no damage.
The spectral goblin is almost destroyed.
The spectral goblin hits you.
You barely miss the spectral goblin.
You bite the spectral goblin, but do no damage.
The spectral goblin is almost destroyed.
The spectral goblin barely misses you.
You hit the spectral goblin but do no damage.
The spectral goblin is almost destroyed.
The spectral goblin closely misses you.
You hit the spectral goblin.
You destroy the spectral goblin!
You enter the shallow water.
Moving in this stuff is going to be slow.
There is a faded altar of an unknown god here.
You cannot tell which god this altar belongs to.
Convert to them anyway?
Cheibriados accepts your prayer! Cheibriados welcomes you!
Cheibriados begins to support your attributes as your movement slows.
Cheibriados is now slowing the effects of poison on you.
You can now bend time to slow others.
Cheibriados raises the support of your attributes as your movement slows.
Are you sure you want to abandon this character and quit the game? (Confirm with "yes".)

###########.# #. #.#
##≈### .# #.# ..≈≈8
.# #.# ##≈#≈≈#≈# #.#
##.≈.≈##≈# .#.#
#≈..≈≈#≈.# # ###.#.#
+.≈≈..#..# #.#.. #.#
+≈≈..@≈.≈###.#.###.##
+.≈≈.≈≈≈............#
#...≈≈#...##.#.######
##≈≈.≈≈≈.###.#.#
####.≈#≈###.#.#
#≈8#..##.#.#
.≈##≈#≈.##.#.#
.≈..≈.≈....#.#
###..........#


There were no monsters in sight!

Vanquished Creatures
  A gnoll (D:1)
  3 dart slugs (D:1)
  5 endoplasms
  A giant cockroach (D:1)
  3 goblins
  A hobgoblin (D:2)
  5 jackals
  2 quokkas (D:1)
  3 ball pythons
  6 bats (D:1)
  A frilled lizard (D:1)
  5 kobolds (D:1)
  11 rats
  A spectral goblin (D:2)
48 creatures vanquished.

Notes
Turn   | Place    | Note
-------+----------+-------------------------------------------
     0 | D:1      | Garessta the Vampire Enchanter began the quest for the Orb.
     0 | D:1      | Reached XP level 1. HP: 13/13 MP: 3/3
    30 | D:1      | Got the Collected Works on Black Secrets
   220 | D:1      | Reached XP level 2. HP: 19/19 MP: 5/5
   226 | D:1      | Learned a level 2 spell: Ensorcelled Hibernation
   637 | D:1      | Gained mutation: You are afflicted with vampirism and can
                  | become a bat while bloodless. [Vampire growth]
   637 | D:1      | Reached XP level 3. HP: 19/24 MP: 0/6
   646 | D:1      | Learned a level 3 spell: Confusing Touch
   748 | D:1      | Reached skill level 5 in Hexes
   803 | D:1      | Reached skill level 5 in Stealth
  1563 | D:2      | Found a faded altar of an unknown god.
  1583 | D:2      | Prayed at the altar of an unknown god.
  1583 | D:2      | Became a worshipper of Cheibriados the Contemplative
  1583 | D:2      | Reached * piety under Cheibriados
  1584 | D:2      | Quit the game

Illustrated notes

Levels and vault maps discovered:
D:1:      lightli_arrival_noodles, layout_loops_ring, minmay_pentomino_s4
D:2:      layout_basic, dreamdust_ecumenical_altar_drowned_temple,
          nicolae_wormholes, uniq_robin, uniq_terence

Skill      XL: |  1  2  3 |
---------------+----------+-----
Hexes          | 5 |  5.6
Stealth        | 5 |  5.3
Short Blades   | |  1.7
Dodging        | |  2.5
Spellcasting   | |  2.3

Action                   || total
-------------------------++-------
Melee: Dagger            ||   138
       Bite              ||    14
 Cast: Ensorcelled Hiber ||    19
       Confusing Touch   ||     1
 Stab: Sleeping          ||    24
Armor: Robe              ||    30
Dodge: Dodged            ||    94

Table legend: (Time is in decaauts)
 A = Elapsed time spent in this place.
 B = Non-inter-level travel time spent in this place.
 C = Inter-level travel time spent in this place.
 D = Time resting spent in this place.
 E = Time spent auto-exploring this place.
 F = Levels seen in this place.
 G = Mean time per level.
                   A        B        C        D        E       F      G
               +--------+--------+--------+--------+--------+-----+--------+
         Total |   1575 |   1476 |     99 |     73 |    976 |   2 |  787.5 |
       Dungeon |   1575 |   1476 |     99 |     73 |    976 |   2 |  787.5 |
               +--------+--------+--------+--------+--------+-----+--------+

Top non-repeatable levels by time:
     D:1: 1237 daAuts
     D:2: 338 daAuts
